AoeStats
← JJCalmon

Highland

504145267Analyzed
4v4 RM · 28d ago on Sep 4, 2026· 9m 19s· 8 players
Game mode
Random Map
Map size
Large (8 player)
Population
200
Speed
Normal
Resources
Standard
Victory
Conquest
Starting age
Dark Age
Ending age
Imperial Age
RankedLock teamsTeams togetherTeam positionsShared explorationLock speedFull tech treeHidden civsTurbo modeCheats
Victory
Defeat
846
+17
🇮🇩 Celts · Indonesia
828
+18
🇲🇽 Spanish · Mexico
817
+19
🇳🇮 Hindustanis · Nicaragua
805
+19
🇦🇷 Magyars · Argentina
899
-19
🇺🇸 Khmer · United States
888
-45
🇨🇱 Turks · Chile
879
-19
🇧🇷 Italians · Brazil
823
-16
Nev
8:06 Loom
8:11 Loom
10:53 Feudal Age
清世纪福音战士洪秀全
2:15 Loom
7:34 Double-Bit Axe
7:58 Horse Collar
Nic94-Necrophos-Papo
10:41 Feudal Age
oos
0:58 Loom
2:09 Loom
BasicOrc4106
2:02 Loom
Mapuche Mayer
GodNeftis
7:25 Loom
JJCalmon
9:34 Feudal Age
7:52 Loom
9:37 Feudal Age
Connection lost

Rejoining the realm…

Still unreachable

The connection could not be restored.

Session expired

The server has moved on; the page needs a fresh start.